 Dungeon Crawl Stone Soup version 0.29.1-1-gd02db6906a (webtiles) character file.

Game seed: 13245826437678681207

1581 Servana the Chiller (level 8, -14/66 HPs)
             Began as a Pale Draconian Ice Elementalist on Sept 23, 2022.
             Was a Priest of Cheibriados.
             Demolished by Duvessa
             ... wielding a +1 short sword of electrocution
              (15 damage)
             ... on level 5 of the Dungeon.
             The game lasted 00:56:39 (5701 turns).

Servana the Chiller (DrIE)                          Turns: 5701, Time: 00:56:39

Health: -14/66     AC:  8    Str: 18    XL:     8   Next: 60%
Magic:  13/14      EV: 18    Int: 33    God:    Cheibriados [***...]
Gold:   59         SH:  0    Dex: 19    Spells: 14/15 levels left

rFire   . . .      SeeInvis .   l - staff of cold
rCold   + . .      Faith    .   (no shield)
rNeg    . . .      Spirit   .   (body armour unavailable)
rPois   .          Reflect  .   (helmet restricted)
rElec   .          Harm     .   u - +0 cloak
rCorr   .          Rampage  .   (no gloves)
Will    .....                   H - +0 pair of boots
Stlth   +++.......              (no amulet)
HPRegen 0.21/turn               w - +6 ring of intelligence
MPRegen 0.14/turn               j - +4 ring of evasion

@: lethally poisoned (-14 -> -18), very slow
A: breathe steam, AC +6, unfitting armour, cold-blooded, steam resistance
a: Breathe Steam, Renounce Religion, Bend Time, Temporal Distortion


You were on level 5 of the Dungeon.
You worshipped Cheibriados.
Cheibriados was most pleased with you.
You visited 1 branch of the dungeon, and saw 5 of its levels.
You also visited: Sewer.

You collected 156 gold pieces.
You spent 97 gold pieces at shops.

Inventory:

Hand Weapons
 b - a +0 dagger
 e - a +0 mace
 i - a +0 sling
 C - a +1 whip of flaming
Missiles
 h - a throwing net
 o - 11 poisoned darts
 y - a curare-tipped dart
Armour
 g - a +0 leather armour
 n - a +0 ring mail
 t - a +2 leather armour of fire resistance
 u - a +0 cloak (worn)
 H - a +0 pair of boots (worn)
Magical Staves
 c - a staff of fire
 l - a staff of cold (weapon)
Jewellery
 a - a ring of positive energy
 f - a +6 ring of dexterity
 j - a +4 ring of evasion (right hand)
 v - a ring of protection from fire
 w - a +6 ring of intelligence (left hand)
 E - a +6 ring of strength
Wands
 x - a wand of polymorph (8)
 G - a wand of flame (27)
Scrolls
 d - a scroll of blinking
 k - a scroll of amnesia
 m - a scroll of magic mapping
 s - a scroll of noise
 B - a scroll of vulnerability
Potions
 p - a potion of might {unknown}
 q - 4 potions of haste
 r - a potion of brilliance {unknown}
 z - 4 potions of curing
 A - 2 potions of flight
 D - a potion of magic


   Skills:
 * Level 3.7 Fighting
 * Level 3.4 Staves
 - Level 0.1 Throwing
 * Level 4.1 Dodging
 + Level 2.9 Stealth
 + Level 4.2 Spellcasting
 * Level 7.4 Ice Magic
 * Level 3.2 Invocations
 + Level 0.2 Evocations


You had 14 spell levels left.
You knew the following spells:

 Your Spells              Type           Power      Damage    Failure   Level
a - Freeze                Ice            100%       1d11      1%          1

Your spell library contained the following spells:

 Spells                   Type           Power      Damage    Failure   Level
 Ensorcelled Hibernation  Hex/Ice        94%        N/A       1%          2
 Frozen Ramparts          Ice            100%       1d16      1%          3
 Ozocubu's Armour         Ice            71%        N/A       1%          3
 Blink                    Tloc           14%        N/A       8%          2
 Hailstorm                Conj/Ice       47%        3d11      11%         4
 Conjure Flame            Conj/Fire      7%         6-21      16%         3
 Dazzling Flash           Conj/Hex       14%        N/A       16%         3
 Ignite Poison            Fire/Tmut/Pois 7%         N/A       16%         3
 Lesser Beckoning         Tloc           7%         N/A       16%         3
 Spider Form              Tmut/Pois      7%         N/A       16%         3
 Anguish                  Hex/Necr       3%         N/A       45%         4
 Sticky Flame             Conj/Fire      7%         2d3       45%         4
 Agony                    Necr           7%         N/A       82%         5
 Iskenderun's Battlesphe  Conj           7%         2d6       82%         5
 Manifold Assault         Tloc           7%         N/A       82%         5
 Silence                  Hex/Air        3%         N/A       82%         5
 Iron Shot                Conj/Erth      3%         9d2       100%        6
 Spellforged Servitor     Conj/Summ      3%         N/A       100%        7


Dungeon Overview and Level Annotations

Branches:
Dungeon (5/15)             Temple (0/1) D:4           Sewer (visited)

Altars:
Cheibriados
Elyvilon
Gozag
Zin

Shops:
D:1 (   D:4 [?

Annotations:
D:5 Duvessa


Innate Abilities, Weirdness & Mutations

You can breathe blasts of scalding, opaque steam.
Your pale cyan-grey scales are hard. (AC +6)
You cannot fit into any form of body armour.
You are cold-blooded and may be slowed by cold attacks.
You are immune to the effects of steam.


Message History

Press: ? - help, Shift-Dir - straight line, f - water moccasin
Aim: a water moccasin (almost dead)
You feel a surge of power!
You freeze the water moccasin!
You kill the water moccasin!
Cheibriados thoroughly appreciates the change of pace.
You feel very sick. Duvessa hits you but does no damage.
Your Dodging skill increases to level 4!
Casting: Freeze (safe; 1% risk of failure)
Confirm with . or Enter, or press ? or * to list all spells.
Aiming: Freeze (safe; 1% risk of failure)
Press: ? - help, Shift-Dir - straight line, f - Duvessa
Aim: Duvessa, wielding a +1 short sword of electrocution, wearing a +0 chain mail and quivering stones (berserk)
You feel a surge of power!
You freeze Duvessa.
Duvessa is lightly wounded.
You feel very sick.
Duvessa hits you with a +1 short sword of electrocution!
Duvessa attacks as you move away! Duvessa completely misses you.
You feel very sick. Duvessa barely misses you. x2
You feel very sick.
Duvessa rages.
Duvessa hits you with a +1 short sword of electrocution!
* * * LOW HITPOINT WARNING * * *
As you read the scroll labelled SUEGECHOESCH, it crumbles to dust.
It is a scroll of enchant weapon.
Your +0 whip of flaming glows red for a moment.
* * * LOW HITPOINT WARNING * * *
You feel sick. Duvessa misses you.
Duvessa hits you with a +1 short sword of electrocution.
* * * LOW HITPOINT WARNING * * *
Aiming: Polymorph
Press: ? - help, Q - select action, (/) - cycle Shift-Dir - straight line, f/p - Duvessa
Aim: Duvessa, wielding a +1 short sword of electrocution, wearing a +0 chain mail and quivering stones (lightly wounded, berserk, will become a wolf, a warg, or a scorpion, chance to affect: 31%) Duvessa easily resists.
You have got your breath back.
* * * LOW HITPOINT WARNING * * *
You feel sick.
Duvessa hits you with a +1 short sword of electrocution!
You die...

#...... #.#
#...... #.#
###.... ## #.#
#.... . ... #....
#.#.## #### #....
#####.#.. ..#
#....
........#####.###
#####
.......)'..e@...#
........#####.###
....ยง...# #.#
######### #.#
###### #.# #.....
#### #.# #.....
#.... #.########
#..... ##....
#........# ####..
...... ########.#
#..


You could see Duvessa (berserk).

Vanquished Creatures
  Pikel (D:5)
  A water moccasin (D:5)
  An ogre (D:4)
  A kobold brigand (Sewer)
  A phantom (D:5)
  4 scorpions
  2 necrophages (D:5)
  Dowan (D:5)
  2 hounds (D:5)
  An orc priest (D:4)
  2 iguanas (D:4)
  An orc wizard (D:3)
  3 gnolls (D:5)
  4 adders
  A river rat (Sewer)
  2 worms
  A dart slug (D:3)
  12 orcs
  6 ball pythons
  8 endoplasms
  7 giant cockroaches
  10 goblins
  8 hobgoblins
  6 jackals
  5 quokkas
  6 bats
  16 kobolds
  8 rats
121 creatures vanquished.

Vanquished Creatures (others)
  10 fungi (D:5)
10 creatures vanquished.

Grand Total: 131 creatures vanquished

Notes
Turn   | Place    | Note
-------+----------+-------------------------------------------
     0 | D:1      | Servana the Draconian Ice Elementalist began the quest for
                  | the Orb.
     0 | D:1      | Reached XP level 1. HP: 14/14 MP: 3/3
   118 | D:1      | Gained mutation: You are agile. (Dex +4, Str/Int -1)
                  | [potion of mutation]
   118 | D:1      | Gained mutation: Your magical capacity is low. (-10% MP)
                  | [potion of mutation]
   118 | D:1      | Gained mutation: Your spells are a little harder to cast,
                  | but a little more powerful. [potion of mutation]
   134 | D:1      | Found Piecom's Antique Weapon Shoppe.
   234 | D:1      | Found a faded altar of an unknown god.
   388 | D:1      | Reached XP level 2. HP: 12/20 MP: 4/4
   628 | D:1      | Prayed at the altar of an unknown god.
   628 | D:1      | Became a worshipper of Cheibriados the Contemplative
   628 | D:1      | Reached * piety under Cheibriados
  1550 | D:2      | Reached XP level 3. HP: 26/26 MP: 3/5
  1829 | D:2      | Reached skill level 1 in Staves
  1955 | D:2      | Reached ** piety under Cheibriados
  2603 | D:3      | Reached skill level 1 in Fighting
  2826 | D:3      | Reached XP level 4. HP: 30/35 MP: 4/6
  3346 | D:3      | Reached *** piety under Cheibriados
  3750 | D:4      | Reached skill level 5 in Ice Magic
  3750 | D:4      | Reached skill level 1 in Invocations
  3750 | D:4      | Reached XP level 5. HP: 40/40 MP: 3/7
  3802 | D:4      | Found a staircase to the Ecumenical Temple.
  3871 | D:4      | Found Xukoky's Magic Scroll Boutique.
  3956 | D:4      | Reached XP level 6. HP: 48/48 MP: 5/9
  4019 | D:4      | Found a glowing drain.
  4042 | Sewer    | Entered a sewer
  4054 | Sewer    | Reached **** piety under Cheibriados
  4148 | Sewer    | Found a white marble altar of Elyvilon.
  4303 | D:4      | Found Zaumian's Armour Boutique.
  4348 | D:4      | Lost mutation: Your spells are a little harder to cast, but
                  | a little more powerful. [potion of mutation]
  4348 | D:4      | Lost mutation: Your magical capacity is low. (-10% MP)
                  | [potion of mutation]
  4348 | D:4      | Lost mutation: You are agile. (Dex +4, Str/Int -1) [potion
                  | of mutation]
  4348 | D:4      | Gained mutation: You possess an exceptional clarity of
                  | mind. [potion of mutation]
  4348 | D:4      | Lost mutation: You possess an exceptional clarity of mind.
                  | [potion of mutation]
  4363 | D:4      | Found a glowing silver altar of Zin.
  4481 | D:4      | Bought a scroll of magic mapping for 97 gold pieces
  4495 | D:4      | Found an opulent altar of Gozag.
  4549 | D:5      | Entered Level 5 of the Dungeon
  4550 | D:5      | Noticed Dowan
  4551 | D:5      | Noticed Duvessa
  4688 | D:5      | Your scales start taking on a pale cyan-grey colour.
  4688 | D:5      | Reached XP level 7. HP: 56/56 MP: 8/12
  4688 | D:5      | Gained mutation: You are immune to the effects of steam.
                  | [Pale Draconian growth]
  4693 | D:5      | Noticed Pikel
  4707 | D:5      | Killed Pikel
  4708 | D:5      | Reached skill level 6 in Ice Magic
  4708 | D:5      | Reached XP level 8. HP: 47/63 MP: 4/13
  4927 | D:5      | Found a white marble altar of Elyvilon.
  5612 | D:5      | Reached skill level 7 in Ice Magic
  5695 | D:5      | Killed Dowan
  5700 | D:5      | HP: 3/66 [poisoned by a water moccasin]
  5701 | D:5      | HP: 1/66 [poisoned by a water moccasin]
  5701 | D:5      | Demolished by Duvessa

Illustrated notes

Levels and vault maps discovered:
D:1:      dpeg_arrival_long_road, layout_basic,
          dreamdust_ecumenical_altar_grove, serial_shops, nicolae_lakefront_shop
D:2:      layout_loops_ring, st_stairs_12, minmay_fractal_squares_5
D:3:      wander_river, layout_basic, uniq_crazy_yiuf_cottage
D:4:      layout_rooms, grunt_gozag_statues, lemuel_round_altar,
          minmay_temple_entry_stoned_glass, serial_shops,
          nicolae_shop_advertising_works [nicolae_subvault_shop_adworks],
          nicolae_shop_window_shopping, portal_sewer_entry_f,
          chequers_serial_rivers_micro_b
D:5:      layout_basic, nicolae_wu_jian_immortal_techniques,
          kennysheep_mini_moat, dreamdust_gnoll_farm, uniq_eustachio,
          uniq_pikel, uniq_duvessa

Skill      XL: |  1  2  3  4  5  6  7  8 |
---------------+-------------------------+-----
Dodging        | 2 3 4 |  4.1
Staves         | 1 2 3 |  3.4
Fighting       | 1 2 3 |  3.7
Stealth        | 2 |  2.9
Ice Magic      | 5 6 7 |  7.4
Invocations    | 1 2 3 |  3.2
Spellcasting   | 3 4 |  4.2
Throwing       | |  0.1
Evocations     | |  0.2

Action                   |  1- 3 |  4- 6 |  7- 9 || total
-------------------------+-------+-------+-------++-------
Melee: Unarmed           |    12 |       |       ||    12
       Staff             |    43 |    96 |    31 ||   170
       Tailslap          |     9 |    30 |     7 ||    46
       Dagger            |     1 |       |       ||     1
       Punch             |       |     2 |     1 ||     3
Throw: Dart              |     6 |       |       ||     6
 Cast: Freeze            |    47 |    78 |    18 ||   143
Invok: Temporal Distorti |       |     1 |     1 ||     2
       Bend Time         |       |       |     1 ||     1
       Slouch            |       |       |     1 ||     1
 Abil: Breathe Steam     |       |       |     3 ||     3
Evoke: Wand              |       |       |     3 ||     3
  Use: Potion            |     4 |     4 |       ||     8
       Scroll            |     9 |     4 |     3 ||    16
 Stab: Sleeping          |     2 |     4 |       ||     6
Armor: Skin              |    41 |    42 |    16 ||    99
Dodge: Dodged            |    63 |   140 |    72 ||   275
